NCAA
MISSOURI TIGERS @ UCLA BRUINS
05/14/2024
 
TOP OF THE 1ST
Missouri Tigers batting - Pitching for UCLA Bruins : RHP Bob Walters
Pitching: RHP Bob Walters
Batting: LHB Neil Rodríguez 0-0: Ground out 4-3 (Groundball, 4)
Batting: LHB Jim Wallace 0-0: Fly out, F7 (Flyball, 7LS)
Batting: RHB José González 0-0: Ball
1-0: Ball
2-0: Fly out, F9 (Flyball, 89M)
Top of the 1st over - 0 run(s), 0 hit(s), 0 error(s), 0 left on base; Missouri 0 - UCLA 0
BOTTOM OF THE 1ST
UCLA Bruins batting - Pitching for Missouri Tigers : RHP Pedro Garza
Pitching: RHP Pedro Garza
Batting: LHB Pedro Ramos 0-0: Called Strike
0-1: Fly out, F2 (Popup, 2LF)
Batting: RHB Roberto Rodríguez 0-0: Ball
1-0: Fly out, F9 (Flyball, 9S)
Batting: LHB Brian Bauer 0-0: Called Strike
0-1: Ground out U3 (Groundball, 3L)
Bottom of the 1st over - 0 run(s), 0 hit(s), 0 error(s), 0 left on base; Missouri 0 - UCLA 0
TOP OF THE 2ND
Missouri Tigers batting - Pitching for UCLA Bruins : RHP Bob Walters
Batting: RHB George Mitchell 0-0: Ball
1-0: Called Strike
1-1: Ball
2-1: Fly out, F4 (Line Drive, 34)
Batting: SHB Eric Pimentel 0-0: Called Strike
0-1: Ball
1-1: SOLO HOME RUN (Flyball, 9D), Distance : 344 ft
Batting: RHB Bobby Murdock 0-0: Called Strike
0-1: Ball
1-1: Ground out 1-3 (Groundball, 13S)
Batting: RHB Rob Smith 0-0: DOUBLE (Line Drive, 9LM)
Batting: RHB Wilford Shaw 0-0: Called Strike
0-1: Ball
1-1: SINGLE (Groundball, 6D)
Rob Smith to third
Runner from 3rd tries for Home, SAFE, no throw or cutoff
Batting: RHB Ken Uttley 0-0: Called Strike
Wilford Shaw steals 2nd base
0-1: Ball
1-1: SINGLE (Groundball, 56D)
Wilford Shaw to third
Runner from 3rd tries for Home, SAFE, no throw or cutoff
Batting: LHB Neil Rodríguez 0-0: Fly out, F6 (Popup, 6)
Top of the 2nd over - 3 run(s), 4 hit(s), 0 error(s), 1 left on base; Missouri 3 - UCLA 0
BOTTOM OF THE 2ND
UCLA Bruins batting - Pitching for Missouri Tigers : RHP Pedro Garza
Batting: RHB Dean Bailey 0-0: Called Strike
0-1: Fly out, F8 (Line Drive, 8RM)
Batting: RHB Bill Powell 0-0: Called Strike
0-1: Swinging Strike
0-2: SOLO HOME RUN (Flyball, 7D), Distance : 352 ft
Batting: RHB Doug Lutz 0-0: Swinging Strike
0-1: SINGLE (Groundball, 15) (infield hit)
Batting: LHB Scott Young 0-0: Called Strike
0-1: Called Strike
0-2: Ball
1-2: SINGLE (Line Drive, 6D)
Doug Lutz to second
Batting: LHB Harvey Moore 0-0: Fly out, F8 (Flyball, 8RM)
Runner from 2nd tags up, OUT at 3rd
Bottom of the 2nd over - 1 run(s), 3 hit(s), 0 error(s), 1 left on base; Missouri 3 - UCLA 1
TOP OF THE 3RD
Missouri Tigers batting - Pitching for UCLA Bruins : RHP Bob Walters
Batting: LHB Jim Wallace 0-0: Called Strike
0-1: Ball
1-1: Foul Ball, location: 2F
1-2: Ball
2-2: Fly out, F2 (Popup, 2R)
Batting: RHB José González 0-0: Ball
1-0: Ball
2-0: Ball
3-0: Base on Balls
Batting: RHB George Mitchell 0-0: Ball
1-0: Called Strike
1-1: Fly out, F9 (Flyball, 89M)
Batting: SHB Eric Pimentel 0-0: Ball
1-0: 2-RUN HOME RUN (Flyball, 8RXD), Distance : 410 ft
Batting: RHB Bobby Murdock 0-0: Fly out, F7 (Flyball, 8LS)
Top of the 3rd over - 2 run(s), 1 hit(s), 0 error(s), 0 left on base; Missouri 5 - UCLA 1
BOTTOM OF THE 3RD
UCLA Bruins batting - Pitching for Missouri Tigers : RHP Pedro Garza
Batting: RHB Wilson Metherall 0-0: Ball
1-0: Swinging Strike
1-1: Ball
2-1: SINGLE (Line Drive, 34)
Batting: LHB Pedro Ramos 0-0: Swinging Strike
0-1: Called Strike
0-2: Ball
1-2: Ball
2-2: Ball
3-2: Base on Balls
Wilson Metherall to second
Batting: RHB Roberto Rodríguez 0-0: Ball
Wilson Metherall is caught stealing 3rd base
Pedro Ramos to second
1-0: Ground out 3-1 (Groundball, 34)
Pedro Ramos to third
Batting: LHB Brian Bauer 0-0: Called Strike
0-1: Called Strike
0-2: Ball
1-2: Ball
2-2: Ball
3-2: Foul Ball, location: 2F
3-2: Foul Ball, location: 2F
3-2: Strikes out looking
Bottom of the 3rd over - 0 run(s), 1 hit(s), 0 error(s), 1 left on base; Missouri 5 - UCLA 1
TOP OF THE 4TH
Missouri Tigers batting - Pitching for UCLA Bruins : RHP Bob Walters
Batting: RHB Rob Smith 0-0: Foul Ball, location: 2F
0-1: DOUBLE (Line Drive, 5L)
Batting: RHB Wilford Shaw 0-0: Foul Ball, location: 2F
0-1: Ball
1-1: Ball
2-1: Foul Ball, location: 2F
2-2: Strikes out swinging
Batting: RHB Ken Uttley 0-0: Ball
1-0: Swinging Strike
1-1: Ball
2-1: Ball
3-1: Base on Balls
Batting: LHB Neil Rodríguez 0-0: Ball
1-0: Swinging Strike
1-1: Fly out, F8 (Flyball, 8RM)
Batting: LHB Jim Wallace 0-0: Called Strike
0-1: Foul Ball, location: 2F
0-2: Ball
1-2: SINGLE (Line Drive, 7S)
Rob Smith to third
Ken Uttley to second
Batting: RHB José González 0-0: Ball
1-0: Foul Ball, location: 2F
1-1: Fielders Choice at 2nd, U4 (Groundball, 4M)
Top of the 4th over - 0 run(s), 2 hit(s), 0 error(s), 3 left on base; Missouri 5 - UCLA 1
BOTTOM OF THE 4TH
UCLA Bruins batting - Pitching for Missouri Tigers : RHP Pedro Garza
Batting: RHB Dean Bailey 0-0: Ball
1-0: Swinging Strike
1-1: Ground out 6-3 (Groundball, 6M)
Batting: RHB Bill Powell 0-0: Ball
1-0: Called Strike
1-1: Ball
2-1: Ball
3-1: Base on Balls
Batting: RHB Doug Lutz 0-0: Called Strike
0-1: Ball
1-1: Ball
2-1: 2-RUN HOME RUN (Flyball, 7D), Distance : 370 ft
Batting: LHB Scott Young 0-0: Called Strike
0-1: Ball
1-1: Fly out, F5 (Popup, 5)
Batting: LHB Harvey Moore 0-0: Ball
1-0: SINGLE (Line Drive, 56)
Batting: RHB Wilson Metherall 0-0: Ball
1-0: Called Strike
1-1: Ball
2-1: Ball
3-1: Base on Balls
Harvey Moore to second
Batting: LHB Pedro Ramos 0-0: Ball
1-0: Called Strike
1-1: Ball
2-1: Ground out U3 (Groundball, 3)
Bottom of the 4th over - 2 run(s), 2 hit(s), 0 error(s), 2 left on base; Missouri 5 - UCLA 3
TOP OF THE 5TH
Missouri Tigers batting - Pitching for UCLA Bruins : RHP Bob Walters
Batting: RHB George Mitchell 0-0: Ball
1-0: Ball
2-0: Ball
3-0: Called Strike
3-1: Base on Balls
Batting: SHB Eric Pimentel 0-0: Ball
1-0: Foul Ball, location: 2F
1-1: Ball
2-1: Ball
3-1: Base on Balls
George Mitchell to second
Batting: RHB Bobby Murdock 0-0: Called Strike
0-1: Ball
1-1: Ball
2-1: Ball
3-1: Base on Balls
George Mitchell to third
Eric Pimentel to second
Batting: RHB Rob Smith 0-0: SINGLE (Groundball, 34D) (infield hit)
George Mitchell scores
Eric Pimentel to third
Bobby Murdock to second
Batting: RHB Wilford Shaw 0-0: Ball
1-0: Ball
2-0: Called Strike
2-1: Swinging Strike
2-2: Strikes out swinging
Pitching: LHP Josh Wall
Batting: RHB Ken Uttley 0-0: Fly out, F6 (Line Drive, 56)
Batting: LHB Neil Rodríguez 0-0: Ball
1-0: Ball
2-0: Fly out, F7 (Flyball, 78M)
Top of the 5th over - 1 run(s), 1 hit(s), 0 error(s), 3 left on base; Missouri 6 - UCLA 3
BOTTOM OF THE 5TH
UCLA Bruins batting - Pitching for Missouri Tigers : RHP Pedro Garza
Batting: RHB Roberto Rodríguez 0-0: Ball
1-0: Ball
2-0: Ball
3-0: Called Strike
3-1: Ground out U3 (Groundball, 3L)
Batting: LHB Brian Bauer 0-0: Ball
1-0: Ground out 1-3 (Groundball, 13)
Batting: RHB Dean Bailey 0-0: Ball
1-0: Called Strike
1-1: Ball
2-1: Swinging Strike
2-2: Strikes out looking
Bottom of the 5th over - 0 run(s), 0 hit(s), 0 error(s), 0 left on base; Missouri 6 - UCLA 3
TOP OF THE 6TH
Missouri Tigers batting - Pitching for UCLA Bruins : LHP Josh Wall
Batting: LHB Jim Wallace 0-0: Ball
1-0: Ball
2-0: Called Strike
2-1: Swinging Strike
2-2: Strikes out swinging
Batting: RHB José González 0-0: Called Strike
0-1: Ball
1-1: Called Strike
1-2: Ball
2-2: Ground out 1-3 (Groundball, 15)
Batting: RHB George Mitchell 0-0: DOUBLE (Line Drive, 3D)
Batting: SHB Eric Pimentel 0-0: Ball
1-0: Ball
2-0: Called Strike
2-1: Fly out, F8 (Flyball, 8LM)
Top of the 6th over - 0 run(s), 1 hit(s), 0 error(s), 1 left on base; Missouri 6 - UCLA 3
BOTTOM OF THE 6TH
UCLA Bruins batting - Pitching for Missouri Tigers : RHP Pedro Garza
Batting: RHB Bill Powell 0-0: Ball
1-0: Ball
2-0: Ball
3-0: Base on Balls
Pitching: LHP Carlos Corona
Batting: RHB Doug Lutz 0-0: Ball
1-0: Called Strike
1-1: Foul Ball, location: 2F
1-2: Ball
2-2: Strikes out looking
Batting: LHB Scott Young 0-0: Ball
Wild Pitch!
Bill Powell to second
1-0: Called Strike
1-1: Swinging Strike
1-2: Fly out, F9 (Flyball, 9M)
Batting: LHB Harvey Moore 0-0: Foul Ball, location: 2F
0-1: Swinging Strike
0-2: Ball
1-2: Foul Ball, location: 2F
1-2: Fly out, F8 (Flyball, 8LM)
Bottom of the 6th over - 0 run(s), 0 hit(s), 0 error(s), 1 left on base; Missouri 6 - UCLA 3
TOP OF THE 7TH
Missouri Tigers batting - Pitching for UCLA Bruins : LHP Josh Wall
Batting: RHB Bobby Murdock 0-0: Ball
1-0: Ball
2-0: Ball
3-0: Base on Balls
Batting: RHB Rob Smith 0-0: Ball
1-0: Foul Ball, location: 2F
1-1: Swinging Strike
1-2: Strikes out swinging
Pitching: LHP Edwin Parker
Batting: RHB Wilford Shaw 0-0: SINGLE (Flyball, 7LS)
Bobby Murdock to second
Batting: RHB Ken Uttley 0-0: Called Strike
0-1: Swinging Strike
0-2: Ball
1-2: Foul Ball, location: 2F
1-2: Ball
2-2: Foul Ball, location: 2F
2-2: Foul Ball, location: 2F
2-2: Strikes out swinging
Batting: LHB Neil Rodríguez 0-0: Fielders Choice at 2nd, U6 (Groundball, 6MD)
Top of the 7th over - 0 run(s), 1 hit(s), 0 error(s), 2 left on base; Missouri 6 - UCLA 3
BOTTOM OF THE 7TH
UCLA Bruins batting - Pitching for Missouri Tigers : LHP Carlos Corona
Batting: RHB Wilson Metherall 0-0: Called Strike
0-1: Foul Ball, location: 2F
0-2: Strikes out swinging
Batting: LHB Pedro Ramos 0-0: Called Strike
0-1: Ball
1-1: Foul Ball, location: 2F
1-2: Ball
2-2: Ball
3-2: Strikes out swinging
Batting: RHB Roberto Rodríguez 0-0: Ground out 6-3 (Groundball, 6M)
Bottom of the 7th over - 0 run(s), 0 hit(s), 0 error(s), 0 left on base; Missouri 6 - UCLA 3
TOP OF THE 8TH
Missouri Tigers batting - Pitching for UCLA Bruins : LHP Edwin Parker
Batting: LHB Jim Wallace 0-0: Ball
1-0: Foul Ball, location: 2F
1-1: Ball
2-1: Foul Ball, location: 2F
2-2: Ball
3-2: Fly out, F7 (Flyball, 78S)
Batting: RHB José González 0-0: Foul Ball, location: 2F
0-1: Ball
1-1: Ball
2-1: DOUBLE (Flyball, 78XD)
Batting: RHB George Mitchell 0-0: Intentional Walk
Batting: SHB Eric Pimentel 0-0: Called Strike
0-1: Foul Ball, location: 2F
0-2: Ball
1-2: Fly out, F8 (Flyball, 8RM)
Batting: RHB Bobby Murdock 0-0: Ball
1-0: Called Strike
1-1: Called Strike
1-2: Strikes out swinging
Top of the 8th over - 0 run(s), 1 hit(s), 0 error(s), 2 left on base; Missouri 6 - UCLA 3
BOTTOM OF THE 8TH
UCLA Bruins batting - Pitching for Missouri Tigers : LHP Carlos Corona
Now in RF: Hoyt Norris
Batting: LHB Brian Bauer 0-0: Ball
1-0: Ball
2-0: Ball
3-0: Called Strike
3-1: SINGLE (Line Drive, 4MD)
Pitching: RHP Chris Webster
Batting: RHB Dean Bailey 0-0: Fly out, F7 (Flyball, 78XD)
Batting: RHB Bill Powell 0-0: Ball
1-0: Swinging Strike
1-1: Ball
2-1: Foul Ball, location: 2F
2-2: Strikes out swinging
Batting: RHB Doug Lutz 0-0: Ball
1-0: Ball
2-0: Foul Ball, location: 2F
2-1: Ball
3-1: Foul Ball, location: 2F
3-2: 2-RUN HOME RUN (Flyball, 78XD), Distance : 374 ft
Batting: LHB Scott Young 0-0: Foul Ball, location: 2F
0-1: Swinging Strike
0-2: Ball
1-2: Strikes out swinging
Bottom of the 8th over - 2 run(s), 2 hit(s), 0 error(s), 0 left on base; Missouri 6 - UCLA 5
TOP OF THE 9TH
Missouri Tigers batting - Pitching for UCLA Bruins : LHP Edwin Parker
Pitching: RHP Salvador De Jesús
Batting: RHB Rob Smith 0-0: Ball
1-0: Ball
2-0: Called Strike
2-1: Swinging Strike
2-2: Ground out U3 (Groundball, 3)
Batting: RHB Wilford Shaw 0-0: Ball
1-0: Called Strike
1-1: Foul Ball, location: 2F
1-2: Foul Ball, location: 2F
1-2: Foul Ball, location: 2F
1-2: Strikes out looking
Batting: RHB Ken Uttley 0-0: Ground out 2-3 (Groundball, 25)
Top of the 9th over - 0 run(s), 0 hit(s), 0 error(s), 0 left on base; Missouri 6 - UCLA 5
BOTTOM OF THE 9TH
UCLA Bruins batting - Pitching for Missouri Tigers : RHP Chris Webster
Pitching: RHP J.R. Wood
Now at 2B: Nick Webber
Pinch Hitting: LHB Simon Collins 0-0: Swinging Strike
0-1: Ball
1-1: SINGLE (Line Drive, 4D)
Batting: RHB Wilson Metherall 0-0: Ball
1-0: Sac Bunt - play at first, batter OUT! 2-4
Simon Collins to second
Batting: LHB Pedro Ramos 0-0: Ball
Passed Ball!
Simon Collins to third
1-0: Called Strike
1-1: Ball
2-1: Fly out, F7 (Flyball, 7D)
Runner from 3rd tags up, SCORES, no throw
Batting: RHB Roberto Rodríguez 0-0: Swinging Strike
0-1: Ball
1-1: Ball
2-1: Called Strike
2-2: Ball
3-2: Strikes out swinging
Bottom of the 9th over - 1 run(s), 1 hit(s), 0 error(s), 0 left on base; Missouri 6 - UCLA 6
TOP OF THE 10TH
Missouri Tigers batting - Pitching for UCLA Bruins : RHP Salvador De Jesús
Now at 3B: Ernie Russell
Batting: LHB Neil Rodríguez 0-0: Ball
1-0: Called Strike
1-1: Ball
2-1: Ball
3-1: Reached on error, E4 (Groundball, 34)
Batting: LHB Jim Wallace 0-0: Ball
1-0: Bunted foul
1-1: Ball
2-1: Sac Bunt - play at first, batter OUT! 5-4
Neil Rodríguez to second
Batting: RHB José González 0-0: Intentional Walk
Batting: RHB George Mitchell 0-0: Called Strike
0-1: Foul Ball, location: 2F
0-2: 3-RUN HOME RUN (Flyball, 78XD), Distance : 366 ft
Pitching: RHP Sean Cooper
Batting: SHB Eric Pimentel 0-0: Called Strike
0-1: SINGLE (Groundball, 5D)
Batting: SHB Hoyt Norris 0-0: Ball
1-0: Ball
2-0: Ground out 3-1 (Groundball, 34)
Eric Pimentel to second
Batting: RHB Rob Smith 0-0: Called Strike
0-1: Foul Ball, location: 2F
0-2: Strikes out looking
Top of the 10th over - 3 run(s), 2 hit(s), 1 error(s), 1 left on base; Missouri 9 - UCLA 6
BOTTOM OF THE 10TH
UCLA Bruins batting - Pitching for Missouri Tigers : RHP J.R. Wood
Batting: LHB Brian Bauer 0-0: Called Strike
0-1: Ball
1-1: Called Strike
1-2: Ball
2-2: Foul Ball, location: 2F
2-2: SOLO HOME RUN (Line Drive, 9D), Distance : 358 ft
Batting: RHB Dean Bailey 0-0: Ball
1-0: Ball
2-0: Foul Ball, location: 2F
2-1: Swinging Strike
2-2: Strikes out swinging
Batting: RHB Bill Powell 0-0: Called Strike
0-1: Ball
1-1: Ball
2-1: SINGLE (Line Drive, 89S)
Batting: RHB Doug Lutz 0-0: Ball
1-0: Called Strike
1-1: DOUBLE (Groundball, 5L)
Bill Powell to third
Batting: LHB Scott Young 0-0: Ball
1-0: Ball
2-0: Ball
3-0: Base on Balls
Batting: LHB Ernie Russell 0-0: Fly out, F7 (Flyball, 78M)
Runner from 3rd tags up, SCORES, no throw
Pinch Hitting: RHB Will Walker 0-0: Called Strike
0-1: Foul Ball, location: 2F
0-2: Ball
1-2: Ball
2-2: Strikes out swinging
Bottom of the 10th over - 2 run(s), 3 hit(s), 0 error(s), 2 left on base; Missouri 9 - UCLA 8
This league is powered by Out of the Park Baseball, the baseball management simulation game for PC, Mac and Linux
Saturday, April 9th, 2016 - OOTP Baseball 16.8 Build 38